 Dungeon Crawl Stone Soup version 0.21.1 (webtiles) character file.

50 Mgcat the Grave Robber (level 4, -3/30 HPs)
             Began as a Human Necromancer on Feb 5, 2018.
             Slain by p0werm0de's ghost (8 damage)
             ... on level 3 of the Dungeon.
             The game lasted 00:09:41 (1852 turns).

Mgcat the Grave Robber (Human Necromancer)          Turns: 1852, Time: 00:09:41

Health: -3/30      AC:  2    Str:  8    XL:     4   Next: 4%
Magic:  8/8        EV: 12    Int: 17    God:
Gold:   74         SH:  0    Dex: 13    Spells: 4/9 levels left

rFire    . . .     SeeInvis .   e - +0 dagger
rCold    . . .     Gourm    .   (no shield)
rNeg     . . .     Faith    .   a - +0 robe
rPois    .         Spirit   .   (no helmet)
rElec    .         Reflect  .   (no cloak)
rCorr    .         Harm     .   (no gloves)
MR       .....                  (no boots)
Stlth    ++........             n - amulet of magic regeneration
HPRegen  0.10/turn              (no ring)
MPRegen  0.36/turn              (no ring)

@: no status effects
A: no striking features
a: no special abilities


You were on level 3 of the Dungeon.
You were hungry.

You visited 1 branch of the dungeon, and saw 3 of its levels.

You collected 74 gold pieces.

Inventory:

Hand Weapons
 e - a +0 dagger (weapon)
   (You found it on level 1 of the Dungeon)
 f - a +0 club
   (You took it off a goblin on level 1 of the Dungeon)
Armour
 a - a +0 robe (worn)
Jewellery
 n - an amulet of magic regeneration (around neck)
   (You found it on level 2 of the Dungeon)
Wands
 m - a wand of acid (4)
   (You found it on level 2 of the Dungeon)
Scrolls
 g - 2 scrolls of identify {unknown}
 l - a scroll of enchant weapon {unknown}
 p - 2 scrolls of remove curse {unknown}
 q - a scroll of teleportation {unknown}
Potions
 d - a potion of brilliance {unknown}
 h - a potion of haste {unknown}
 i - a potion of heal wounds {unknown}
 j - a potion of degeneration {unknown}
 k - a potion of agility {unknown}
Books
 b - a book of Necromancy
Comestibles
 c - 5 rations
 o - 7 chunks of flesh {@w0}


   Skills:
 - Level 2.0 Dodging
 - Level 2.0 Stealth
 + Level 3.0 Spellcasting
 + Level 4.7 Necromancy


You had 4 spell levels left.
You knew the following spells:

 Your Spells              Type           Power        Failure   Level  Hunger
a - Pain                  Necr           ###.         2%          1    None
b - Animate Skeleton      Necr           N/A          2%          1    None
c - Vampiric Draining     Necr           ###.......   8%          3    ###....


Dungeon Overview and Level Annotations

Branches:
Dungeon (3/15)

Altars:
Dithmenos

Annotations:
D:3 p0werm0de's ghost, weakling VSCK


Message History

Aim: a goblin, wielding a club (chance to defeat MR: 89%)
The goblin writhes in agony!
You kill the goblin!
Casting: Pain
Confirm with . or Enter, or press ? or * to list all spells.
You can't see any susceptible monsters within range! (Use Z to cast anyway.)
Casting: Pain
Confirm with . or Enter, or press ? or * to list all spells.
You can't see any susceptible monsters within range! (Use Z to cast anyway.) Unknown command.
Unknown command.
Unknown command.
Casting: Pain
Confirm with . or Enter, or press ? or * to list all spells.
You can't see any susceptible monsters within range! (Use Z to cast anyway.)
Casting: Pain
Confirm with . or Enter, or press ? or * to list all spells.
Aiming: Pain
Press: ? - help, Shift-Dir - straight line, f - p0werm0de's ghost
Aim: p0werm0de's ghost (not susceptible) P0werm0de's ghost is unaffected.
Unknown command.
Unknown command.
Unknown command.
You swap places.
P0werm0de's ghost hits your frilled lizard skeleton!
Your frilled lizard skeleton is destroyed!
Your rat skeleton bites p0werm0de's ghost but does no damage.
Your leopard gecko skeleton closely misses p0werm0de's ghost.
Your kobold skeleton closely misses p0werm0de's ghost.
Casting: Pain
Confirm with . or Enter, or press ? or * to list all spells.
Aiming: Vampiric Draining
Press: ? - help, Shift-Dir - straight line, f/p - p0werm0de's ghost
Aim: p0werm0de's ghost You can't drain life from that!
Unknown command.
Unknown command.
Casting: Vampiric Draining
Confirm with . or Enter, or press ? or * to list all spells.
Aiming: Vampiric Draining
Press: ? - help, Shift-Dir - straight line, f/p - p0werm0de's ghost
Aim: p0werm0de's ghost You can't drain life from that!
Unknown command.
Unknown command.
You hit p0werm0de's ghost.
P0werm0de's ghost is lightly damaged.
P0werm0de's ghost misses you.
Your rat skeleton bites p0werm0de's ghost.
Your leopard gecko skeleton misses p0werm0de's ghost.
Unknown command.
Unknown command.
You hit p0werm0de's ghost.
P0werm0de's ghost is moderately damaged.
P0werm0de's ghost whispers, "Death doesn't hurt.
What you feel is life." P0werm0de's ghost hits you.
Your kobold skeleton barely misses p0werm0de's ghost.
Your leopard gecko skeleton barely misses p0werm0de's ghost.
A kobold comes into view. It is wielding a dagger.
Unknown command.
Unknown command.
Unknown command.
You hit p0werm0de's ghost but do no damage.
P0werm0de's ghost is moderately damaged.
P0werm0de's ghost hits you!
* * * LOW HITPOINT WARNING * * *
Your rat skeleton bites p0werm0de's ghost.
Your goblin skeleton barely misses p0werm0de's ghost.
Your kobold skeleton closely misses p0werm0de's ghost.
Your leopard gecko skeleton barely misses p0werm0de's ghost.
Unknown command.
Unknown command.
Okay, then.
Unknown command.
You swap places.
P0werm0de's ghost closely misses you.
Your rat skeleton bites p0werm0de's ghost but does no damage.
Your goblin skeleton hits p0werm0de's ghost but does no damage.
Your kobold skeleton barely misses p0werm0de's ghost.
Your leopard gecko skeleton barely misses p0werm0de's ghost.
Unknown command.
Unknown command.
P0werm0de's ghost hits your kobold skeleton!
Your kobold skeleton is destroyed!
The kobold throws a stone.
The stone hits your rat skeleton.
Your rat skeleton bites p0werm0de's ghost but does no damage.
Your goblin skeleton hits p0werm0de's ghost with a club.
Your leopard gecko skeleton bites p0werm0de's ghost.
Unknown command.
Unknown command.
Unknown command.
Unknown command.
P0werm0de's ghost says: "I need scissors!
I think I chipped a nail somewhere..."
Some of the chunks of flesh in your inventory have rotted away.
The kobold throws a stone.
The stone hits your leopard gecko skeleton.
Something hits your rat skeleton.
P0werm0de's ghost holds its blade at the ready.
P0werm0de's ghost hits you!
You die...

#################
...##...........# ## ###########
...#..#.........##.# ##.....#....
...#.##.........##.###...........
.....##.........##.##............
#######........).................
......................%..........
#######........W@................
...######.##..##..............>..
..........#......................
...###.Z......#.#....#..........<
...#..Z.......#....#.##..........
...#.###......###..#.####.#..####
.....###.......##....####....####
.................................
.Z#####....###.##...#............


You could see p0werm0de's ghost.

Vanquished Creatures
  An adder (D:2)
  A worm (D:3)
  A leopard gecko (D:3)
  A ball python (D:3)
  4 giant cockroaches (D:2)
  4 hobgoblins
  2 jackals (D:1)
  2 bats (D:1)
  3 frilled lizards
  8 goblins
  5 kobolds
  2 rats
34 creatures vanquished.

Notes
Turn   | Place    | Note
-------+----------+-------------------------------------------
     0 | D:1      | Mgcat the Human Necromancer began the quest for the Orb.
     0 | D:1      | Reached XP level 1. HP: 13/13 MP: 3/3
     2 | D:1      | Learned a level 1 spell: Animate Skeleton
   173 | D:1      | HP: 3/13 [hobgoblin/club (3)]
   175 | D:1      | Reached XP level 2. HP: 5/19 MP: 3/5
   905 | D:2      | Reached XP level 3. HP: 15/24 MP: 1/6
   949 | D:2      | Found a shadowy altar of Dithmenos.
  1359 | D:2      | Learned a level 3 spell: Vampiric Draining
  1790 | D:3      | Reached skill level 3 in Spellcasting
  1790 | D:3      | Reached XP level 4. HP: 17/30 MP: 2/8
  1815 | D:3      | Noticed p0werm0de's ghost (weakling VSCK)
  1826 | D:3      | HP: 2/30 [p0werm0de's ghost (10)]
  1852 | D:3      | Slain by p0werm0de's ghost

Skill      XL: |  1  2  3 |
---------------+----------+-----
Spellcasting   | 3 |  3.0
Dodging        | |  2.0
Stealth        | |  2.0
Necromancy     | |  4.7

Action                   |  1- 3 |  4- 6 || total
-------------------------+-------+-------++-------
Melee: Dagger            |    40 |     3 ||    43
 Cast: Pain              |    55 |     3 ||    58
       Animate Skeleton  |    14 |     1 ||    15
       Vampiric Draining |     2 |       ||     2
  Eat: Chunk             |     3 |       ||     3
Armor: Robe              |    11 |       ||    11
Dodge: Dodged            |    35 |     2 ||    37

Vault maps used:
D:1:      dpeg_arrival_refuge
D:2:      nicolae_dithmenos_shadow_blocks, first_ration,
          minmay_misc_feat_pillars
D:3:      nicolae_overflow_hidden_temple

Table legend:
 A = Turns spent in this place as a percentage of turns spent in the entire game.
 B = Non-inter-level travel turns spent in this place as a percentage of non-inter-level travel turns spent in the entire game.
 C = Inter-level travel turns spent in this place as a percentage of turns spent in this place.
 D = Turns resting spent in this place as a percentage of non-inter-level travel turns spent in this place.
 E = Turns spent auto-exploring this place as a percentage of non-inter-level travel turns spent in this place.
 F = Non-inter-level travel turns spent in this place divided by the number of levels of this place that you've seen.
                   A       B       C       D       E      F
               +-------+-------+-------+-------+-------+----------------------
         Total | 100.0 | 100.0 |   1.0 |   0.0 |  77.0 | 611.0
       Dungeon | 100.0 | 100.0 |   1.0 |   0.0 |  77.0 | 611.0
               +-------+-------+-------+-------+-------+----------------------

Table legend:
 A = Kills in this place as a percentage of kills in entire the game.
 B = Kills by you in this place as a percentage of kills by you in the entire game.
 C = Kills by friends in this place as a percentage of kills by friends in the entire game.
 D = Other kills in this place as a percentage of other kills in the entire game.
 E = Experience gained in this place as a percentage of experience gained in the entire game.
 F = Experience gained in this place divided by the number of levels of this place that you have seen.
                   A       B       C       D       E      F
               +-------+-------+-------+-------+-------+----------------------
         Total | 100.0 | 100.0 |   N/A |   N/A | 100.0 |  24.0
       Dungeon | 100.0 | 100.0 |   N/A |   N/A | 100.0 |  24.0
               +-------+-------+-------+-------+-------+----------------------
